 Dungeon Crawl Stone Soup version 0.20-a0-971-g5896763 (webtiles) character file.

198 Hybris the Poker (level 5, -1/55 HPs)
             Began as an Ogre Gladiator on Apr 8, 2017.
             Slain by a worm (9 damage)
             ... on level 4 of the Dungeon.
             The game lasted 00:03:56 (2500 turns).

Hybris the Poker (Ogre Gladiator)                   Turns: 2500, Time: 00:03:57

Health: -1/55      AC:  3    Str: 19    XL:     5   Next: 77%
Magic:  5/5        EV: 11    Int:  9    God:
Gold:   174        SH:  0    Dex: 10    Spells: 4/4 levels left

rFire    + . .     SeeInvis .   a - +0 trident
rCold    . . .     Gourm    .   (no shield)
rNeg     . . .     Faith    .   b - +0 robe
rPois    .         Spirit   .   c - +0 hat
rElec    .         Reflect  .   i - scarf {rC+}
rCorr    .         Harm     .   (gloves unavailable)
MR       .....     Rnd*Tele +   (boots unavailable)
Stlth    +.........             l - amulet of magic regeneration
Regen    0.2/turn               e - ring of fire
MPRegen  0.2/turn               k - ring of teleportation (curse)

@: no status effects
A: unfitting armour, tough skin 1
a: no special abilities


You were on level 4 of the Dungeon.
You were not hungry.

You visited 1 branch of the dungeon, and saw 4 of its levels.

You collected 174 gold pieces.

Inventory:

Hand Weapons
 a - a +0 trident (weapon)
Missiles
 d - 3 throwing nets (quivered)
 r - 3 tomahawks
Armour
 b - a +0 robe (worn)
 c - a +0 hat (worn)
 i - a scarf of cold resistance (worn)
Jewellery
 e - a ring of fire (left hand)
 k - a cursed ring of teleportation (right hand)
 l - an amulet of magic regeneration (around neck)
Scrolls
 h - 2 scrolls of blinking
 o - a scroll of teleportation
 q - a scroll of remove curse {unknown}
Potions
 g - a potion of haste {unknown}
 j - 2 potions of might {unknown}
 m - a potion of degeneration {unknown}
 n - 3 potions of brilliance
Comestibles
 f - 2 bread rations
 p - a royal jelly
 s - a chunk of flesh


   Skills:
 + Level 4.4 Fighting
 * Level 4.8 Polearms
 - Level 2.0 Throwing
 + Level 3.7 Dodging


You had 4 spell levels left.
You didn't know any spells.

Dungeon Overview and Level Annotations

Branches:
Dungeon (4/15)
 Temple: D:4-7

Altars:
Sif Muna


Innate Abilities, Weirdness & Mutations

You are too large for most types of armour.
You have tough skin. (AC +1)


Message History

You hit the ogre.
The ogre is almost dead.
You closely miss the ogre.
The ogre is almost dead.
The ogre barely misses you.
You closely miss the ogre.
The ogre is almost dead.
The ogre hits you with a giant spiked club!
* * * LOW HITPOINT WARNING * * *
You hit the ogre but do no damage.
The ogre is almost dead.
The ogre misses you.
You puncture the ogre!
You kill the ogre!
Your Fighting skill increases to level 4!
You have reached level 5!
You hit the worm.
The worm is moderately wounded.
The worm bites you!
You die...

## #. #% ###.
#.##..)#####
#...>..@w.<#
####...###........
###. ######### #.
#. ##


You could see a worm.

Vanquished Creatures
  An ogre (D:4)
  4 adders
  An ooze (D:1)
  4 worms (D:2)
  3 dart slugs
  A leopard gecko (D:1)
  3 orcs (D:3)
  3 giant cockroaches
  6 goblins
  8 hobgoblins
  A kobold (D:1)
  2 quokkas
  A ball python (D:1)
  3 bats
  A frilled lizard (D:1)
  7 rats
49 creatures vanquished.

Notes
Turn   | Place    | Note
-------+----------+-------------------------------------------
     0 | D:1      | Hybris the Ogre Gladiator began the quest for the Orb.
     0 | D:1      | Reached XP level 1. HP: 22/22 MP: 1/1
    84 | D:1      | Reached XP level 2. HP: 23/31 MP: 2/2
   821 | D:1      | Reached XP level 3. HP: 37/37 MP: 3/3
  1257 | D:2      | Reached XP level 4. HP: 23/46 MP: 4/4
  2053 | D:2      | Found a deep blue altar of Sif Muna.
  2385 | D:3      | Noticed a gnoll sergeant
  2487 | D:4      | Noticed an ogre
  2499 | D:4      | Killed an ogre
  2499 | D:4      | Reached XP level 5. HP: 7/55 MP: 5/5
  2500 | D:4      | Slain by a worm

Vault maps used:
D:1:      dpeg_arrival_solitude, minmay_small_reverse_x
D:2:      led_sif_pool
D:3:      roderic_greek_sauvastika
D:4:      serial_shops, shop, first_bread, minmay_liquid_box

Skill      XL: |  1  2  3  4 |
---------------+-------------+-----
Fighting       | 3 4 |  4.4
Dodging        | 3 |  3.7
Polearms       | 4 |  4.8
Throwing       | |  2.0

Action                   |  1- 3 |  4- 6 || total
-------------------------+-------+-------++-------
Melee: Trident           |    87 |    72 ||   159
  Use: Scroll            |       |     3 ||     3
 Stab: Sleeping          |     1 |     1 ||     2
  Eat: Chunk             |     1 |     4 ||     5
Armor: Robe              |    14 |    30 ||    44
Dodge: Dodged            |    27 |    59 ||    86
